 Dungeon Crawl Stone Soup version 0.29.1-2-gbd0b4ee654 (webtiles) character file.

Game seed: 10054648548271533098

77 GorkyZ the Chopper (level 4, -1/28 HPs)
             Began as a Gargoyle Gladiator on Nov 30, 2022.
             Slain by an orc
             ... wielding a +0 mace
              (2 damage)
             ... on level 3 of the Dungeon.
             The game lasted 00:06:48 (2477 turns).

GorkyZ the Chopper (Gargoyle Gladiator)             Turns: 2477, Time: 00:06:48

Health: -1/28      AC:  9    Str: 20    XL:     4   Next: 34%
Magic:  4/4        EV: 12    Int:  8    God:
Gold:   166        SH:  0    Dex: 11    Spells: 3/3 levels left

rFire   . . .      SeeInvis .   a - +0 war axe
rCold   . . .      Faith    .   (no shield)
rNeg    + . .      Spirit   .   b - +0 leather armour
rPois   ∞          Reflect  .   c - +0 helmet
rElec   +          Harm     .   o - +0 cloak
rCorr   .          Rampage  .   (no gloves)
Will    +....                   n - +0 pair of boots
Stlth   +.........              (no amulet)
HPRegen 0.09/turn               f - ring of willpower
MPRegen 0.09/turn               (no ring)

@: no status effects
A: sickness immunity, AC +3, negative energy resistance 1, electricity
resistance, torment resistance 1, petrification resistance
a: no special abilities


You were on level 3 of the Dungeon.
You visited 1 branch of the dungeon, and saw 3 of its levels.

You collected 244 gold pieces.
You spent 78 gold pieces at shops.

Inventory:

Hand Weapons
 a - a +0 war axe (weapon)
 m - a +2 dagger of speed
Missiles
 d - 3 throwing nets (quivered)
 e - 4 javelins
Armour
 b - a +0 leather armour (worn)
 c - a +0 helmet (worn)
 n - a +0 pair of boots (worn)
 o - a +0 cloak (worn)
Jewellery
 f - a ring of willpower (left hand)
 g - a ring of wizardry
Wands
 p - a wand of charming (7)
Scrolls
 h - a scroll of immolation
 i - 2 scrolls of identify
 l - a scroll of magic mapping
Potions
 q - a potion of lignification
 r - 2 potions of degeneration
 s - a potion of cancellation {unknown}


   Skills:
 + Level 3.1 Fighting
 + Level 3.2 Axes
 + Level 2.5 Throwing
 + Level 2.9 Dodging


You had 3 spell levels left.
You didn't know any spells.
Your spell library was empty.

Dungeon Overview and Level Annotations

Branches:
Dungeon (3/15)

Altars:
Gozag

Shops:
D:1 *   D:2 (*!([   D:3 :

Annotations:
D:3 Grinder


Innate Abilities, Weirdness & Mutations

You are immune to sickness and miasma.
Your stone body is resilient. (AC +3)
You are immune to poison.
You resist negative energy. (rN+)
You are resistant to electric shocks. (rElec)
You are resistant to unholy torment.
You are immune to petrification.


Message History

Grinder says, "What is the universe for?"
Grinder hits you! The orc hits you with a +0 mace.
You hit Grinder.
Grinder is lightly wounded.
You closely miss the orc. Grinder barely misses you. The orc barely misses you.
You slash Grinder!
Grinder is moderately wounded.
You barely miss the orc. Grinder hits you.
You writhe in agony.
The orc closely misses you. Grinder hits you.
* * * LOW HITPOINT WARNING * * *
You writhe in agony.
* * * LOW HITPOINT WARNING * * *
The orc hits you but does no damage.
You feel much better. Grinder hits you but does no damage.
The orc hits you but does no damage.
The air fills with toxic fumes!
As you read the scroll of poison, it crumbles to dust.
Grinder hits you!
You writhe in agony.
The orc closely misses you.
You barely miss Grinder.
Grinder is moderately wounded.
You closely miss the orc. Grinder barely misses you. The orc misses you.
You barely miss Grinder.
Grinder is moderately wounded.
You closely miss the orc. Grinder gestures at you.
You easily resist.
The orc hits you with a +0 mace.
You barely miss Grinder.
Grinder is moderately wounded.
You closely miss the orc.
Grinder blinks!
The orc barely misses you. The orc hits you but does no damage.
The orc attacks as you move away! The orc hits you with a +0 mace.
* * * LOW HITPOINT WARNING * * *
Grinder gestures at you. Pain shoots through your body!
* * * LOW HITPOINT WARNING * * *
There is an opulent altar of Gozag here.
You barely miss the orc.
The orc is lightly wounded.
The orc hits you with a +0 mace.
You die...

.....##.# *,,,,,..* *~ ####.##.#
*,,,,☼§.* *~ ###.###.#####
*,,,§§§,* ** .#.##
#.##§§#########§§,,**** *
...####..).#§§≈≈§§☼§☼#,,,,,,*****
........##.#§§§§§☼.§§#*****,,,,,8
...####.####§§☼§☼≈o≈§# ***,,,,
.#^#* #.# #§§§§§o§≈§# *,,,,
###.#*#.# #5☼§☼@§§§§# **,,8 #
*#....# #§§§§§§§§§# **** *#####
#§§§§§§§§§# #☼§§§§§§§§#
*#§§☼§§☼§§§#* #§#########§#
#§******,,,☼# #,,,,,,,,,,,#
**********,,**


You could see Grinder and 2 orcs.

Vanquished Creatures
  An adder (D:2)
  2 dart slugs (D:1)
  4 orcs
  5 ball pythons
  4 bats
  8 endoplasms
  6 giant cockroaches
  3 goblins
  4 hobgoblins
  4 jackals (D:1)
  4 frilled lizards
  2 kobolds (D:1)
  6 rats
53 creatures vanquished.

Notes
Turn   | Place    | Note
-------+----------+-------------------------------------------
     0 | D:1      | GorkyZ the Gargoyle Gladiator began the quest for the Orb.
     0 | D:1      | Reached XP level 1. HP: 12/12 MP: 1/1
   299 | D:1      | Found Arese's Assorted Antiques.
   313 | D:1      | Reached XP level 2. HP: 18/18 MP: 2/2
   325 | D:1      | Noticed a great orb of eyes
   329 | D:1      | Found a faded altar of an unknown god.
   474 | D:1      | Noticed an eye of devastation
   474 | D:1      | Noticed a shining eye
   474 | D:1      | Noticed a floating eye
   798 | D:1      | Reached XP level 3. HP: 22/22 MP: 3/3
  1351 | D:2      | Found Plog's Armour Shop.
  1369 | D:2      | Bought a +0 cloak for 58 gold pieces
  1568 | D:2      | Found Kegocet's Antique Weapon Shop.
  1598 | D:2      | Found Firilug's Assorted Antiques.
  1607 | D:2      | Reached XP level 4. HP: 28/28 MP: 4/4
  1744 | D:2      | Found Ponuineed's Distillery.
  1748 | D:2      | Bought 2 potions of degeneration for 20 gold pieces
  1808 | D:2      | Found Nirikk's Antique Weapon Emporium.
  2348 | D:3      | Found Aqotzade's Book Shop.
  2442 | D:3      | Found an opulent altar of Gozag.
  2454 | D:3      | Noticed Grinder
  2476 | D:3      | HP: 1/28 [Grinder/nerve-wracking pain (7)]
  2477 | D:3      | Slain by an orc

Illustrated notes

Levels and vault maps discovered:
D:1:      shiori_arrival_maze, layout_basic,
          hellmonk_ecumenical_altar_watching_god, serial_shops, shop
D:2:      layout_loops_ring, serial_shops, shop, shop_coins, nicolae_shop_trees,
          shop, nicolae_square_shop
D:3:      wander_river, layout_basic, mainiacjoe_overflow_paths, serial_shops,
          shop_fountains, hex_intersection, uniq_grinder

Skill      XL: |  1  2  3 |
---------------+----------+-----
Throwing       | 2 |  2.5
Axes           | 3 |  3.2
Fighting       | 3 |  3.1
Dodging        | |  2.9

Action                   |  1- 3 |  4- 6 || total
-------------------------+-------+-------++-------
Melee: War axe           |   101 |    46 ||   147
  Use: Scroll            |       |     7 ||     7
       Potion            |       |     1 ||     1
Armor: Leather armour    |    51 |    24 ||    75
Dodge: Dodged            |    76 |    33 ||   109
